 Dungeon Sprint DCSS version 0.28-a0-909-g796cbd3a86 (webtiles) character file.

Game seed: 15993911869132961723

1792 kae the Severer (level 9, -1/90 HPs)
             Began as a Hill Orc Fighter on Nov 24, 2021.
             Was a Follower of Qazlal.
             Slain by a deep troll (13 damage)
             ... in the Dungeon (Sprint I: "Red Sonja").
             The game lasted 00:01:58 (927 turns).

kae the Severer (Hill Orc Fighter)                   Turns: 927, Time: 00:02:00

Health: -1/90      AC:  8    Str: 22    XL:     9   Next: 9%
Magic:  15/15      EV: 10    Int:  8    God:    Qazlal [*.....]
Gold:   513        SH:  6    Dex: 10    Spells: 8/8 levels left

rFire   . . .      SeeInvis .   a - +0 war axe
rCold   . . .      Faith    .   c - +0 buckler
rNeg    . . .      Spirit   .   b - +0 scale mail
rPois   .          Reflect  .   (no helmet)
rElec   .          Harm     .   (no cloak)
rCorr   .          Rampage  .   (no gloves)
Will    .....      NoTele   +   (no boots)
Stlth   ..........              (no amulet)
HPRegen 0.25/turn               (no ring)
MPRegen 0.14/turn               (no ring)

@: no status effects
A: no striking features
a: Renounce Religion


You were in the Dungeon.
You worshipped Qazlal.
Qazlal was aware of your devotion.
You visited 1 branch You collected 513 gold pieces.

Inventory:

Hand Weapons
 a - a +0 war axe (weapon)
Armour
 b - a +0 scale mail (worn)
 c - a +0 buckler (worn)
Scrolls
 j - a scroll of blinking
Potions
 f - a potion of heal wounds
 g - a potion of haste
 h - 2 potions of magic


   Skills:
 + Level 11.8 Fighting
 * Level 17.1 Axes
 + Level 10.8 Armour
 - Level 4.0 Shields
 + Level 8.0 Invocations


You had 8 spell levels left.
You didn't know any spells.
Your spell library was empty.

Dungeon Overview and Level Annotations

Branches:
Dungeon (1/1)

Altars:
Cheibriados
Dithmenos
Elyvilon
Fedhas
Gozag
Hepliaklqana
Kikubaaqudgha
Makhleb
Nemelex Xobeh
Okawaru
Qazlal
Ru
Sif Muna
Trog
Uskayaw
Vehumet
Wu Jian
Xom
Yredelemnul
Zin
The Shining One
Jiyva
Lugonu

Shops:
D (


Message History

You block the deep troll's attack. The deep troll barely misses you.
The deep troll completely misses you.
You hit the deep troll.
The deep troll is lightly wounded.
You slash the deep troll!
The deep troll is moderately wounded.
The deep troll bites you but does no damage.
The deep troll claws you. The deep troll claws you!
You hit the deep troll but do no damage.
The deep troll is moderately wounded.
You block the deep troll's attack. The deep troll claws you!
The deep troll closely misses you.
You hit the deep troll.
The deep troll is moderately wounded.
You slice the deep troll!!
The deep troll is severely wounded.
You block the deep troll's attack.
The deep troll claws you but does no damage. x2
You hit the deep troll.
The deep troll is severely wounded.
The deep troll bites you!! The deep troll claws you!
You block the deep troll's attack.
You hit the deep troll but do no damage.
The deep troll is severely wounded.
You block the deep troll's attack. The deep troll claws you. x2
You closely miss the deep troll.
The deep troll is severely wounded.
You slash the deep troll!
The deep troll is severely wounded.
The deep troll bites you.
* * * LOW HITPOINT WARNING * * *
You block the deep troll's attack. The deep troll claws you!
* * * LOW HITPOINT WARNING * * *
You hit the deep troll but do no damage.
The deep troll is severely wounded.
The deep troll bites you but does no damage.
The deep troll claws you.
* * * LOW HITPOINT WARNING * * *
The deep troll claws you!
You die...

#..#####'#####'#__####...'ss#
#..####..#...#(#### ####s.+
#..#__####..##(# ##
#..#_____##'#_.+
#⌠⌠#_.∩...'..._#
####_..__##_.#'#
#_____###'#)#
#########.####+###
+.○@T$$.$$+ #.☼.####### ##.##
#+#


You could see a deep troll.

Vanquished Creatures
  Sonja (D)
  2 kobold demonologists (D)
  A slime creature (D)
  Sigmund (D)
  A yak (D)
  A floating eye (D)
  An ogre (D)
  A jelly (D)
  Ijyb (D)
10 creatures vanquished.

Notes
Turn   | Place    | Note
-------+----------+-------------------------------------------
     0 | D        | kae the Hill Orc Fighter began the quest for the Orb.
     0 | D        | Reached XP level 1. HP: 19/19 MP: 1/1
     1 | D        | Noticed Ijyb
    11 | D        | Killed Ijyb
    12 | D        | Reached skill level 5 in Axes
    12 | D        | Reached XP level 2. HP: 13/28 MP: 2/2
    12 | D        | Reached XP level 3. HP: 16/35 MP: 3/3
    15 | D        | Noticed an ogre
    19 | D        | Killed an ogre
    20 | D        | Reached skill level 8 in Axes
    20 | D        | Reached skill level 5 in Armour
    20 | D        | Reached XP level 4. HP: 22/45 MP: 4/4
    23 | D        | Noticed Sigmund
    36 | D        | Killed Sigmund
    37 | D        | Reached skill level 11 in Axes
    37 | D        | Reached XP level 5. HP: 4/53 MP: 5/5
    37 | D        | Reached XP level 6. HP: 5/61 MP: 6/6
   313 | D        | Found a burning altar of Makhleb.
   313 | D        | Found a viscous altar of Jiyva.
   313 | D        | Found a shimmering altar of Xom.
   313 | D        | Found a corrupted altar of Lugonu.
   313 | D        | Noticed a slime creature
   315 | D        | Found an ornate altar of the Wu Jian Council.
   315 | D        | Found a shimmering blue altar of Sif Muna.
   317 | D        | Found a radiant altar of Vehumet.
   324 | D        | Found Wobodaog's Antique Weapon Emporium.
   324 | D        | Found an ancient bone altar of Kikubaaqudgha.
   324 | D        | Found a stormy altar of Qazlal.
   324 | D        | Found a blossoming altar of Fedhas.
   324 | D        | Found a bloodstained altar of Trog.
   324 | D        | Found an iron altar of Okawaru.
   324 | D        | Found a glowing golden altar of the Shining One.
   324 | D        | Found a glowing silver altar of Zin.
   324 | D        | Found a white marble altar of Elyvilon.
   324 | D        | Noticed a yak
   325 | D        | Found a hazy altar of Hepliaklqana.
   325 | D        | Found a hide-covered altar of Uskayaw.
   325 | D        | Found a basalt altar of Yredelemnul.
   325 | D        | Found a snail-covered altar of Cheibriados.
   325 | D        | Found a sacrificial altar of Ru.
   325 | D        | Found a shadowy altar of Dithmenos.
   337 | D        | Killed a yak
   338 | D        | Reached skill level 13 in Axes
   338 | D        | Found an opulent altar of Gozag.
   339 | D        | Found a sparkling altar of Nemelex Xobeh.
   364 | D        | Became a worshipper of Qazlal Stormbringer
   392 | D        | Killed a slime creature
   393 | D        | Reached skill level 14 in Axes
   393 | D        | Reached XP level 7. HP: 14/71 MP: 6/9
   698 | D        | Noticed a kobold demonologist
   702 | D        | Killed a kobold demonologist
   703 | D        | Reached skill level 10 in Fighting
   703 | D        | Reached skill level 15 in Axes
   703 | D        | Reached skill level 5 in Invocations
   703 | D        | Reached XP level 8. HP: 80/80 MP: 9/11
   704 | D        | Paralysed by a floating eye for 3 turns
   708 | D        | Reached * piety under Qazlal
   760 | D        | Noticed a kobold demonologist
   785 | D        | Killed a kobold demonologist
   786 | D        | Reached skill level 16 in Axes
   786 | D        | Reached skill level 10 in Armour
   787 | D        | Noticed a demonic crawler
   787 | D        | Noticed a demonic crawler
   787 | D        | Noticed a demonic crawler
   787 | D        | Noticed a demonic crawler
   844 | D        | Noticed Sonja
   857 | D        | Killed Sonja
   858 | D        | Reached skill level 17 in Axes
   858 | D        | Reached XP level 9. HP: 90/90 MP: 12/15
   912 | D        | Noticed a deep troll
   927 | D        | Slain by a deep troll

Illustrated notes

Levels and vault maps discovered:
D:        dungeon_sprint_1 [red_sonja_temple_1, red_sonja_temple_small_1]

Skill      XL: |  1  2  3  4  5  6  7  8 |
---------------+-------------------------+-----
Fighting       | 4 6 8 9 10 11 | 11.8
Axes           | 5 8 11 14 15 17 | 17.1
Armour         | 4 5 7 9 10 | 10.8
Shields        | 4 |  4.0
Invocations    | 3 5 8 |  8.0

Action                   |  1- 3 |  4- 6 |  7- 9 || total
-------------------------+-------+-------+-------++-------
Melee: War axe           |    11 |    35 |    50 ||    96
  Use: Potion            |     1 |     1 |     1 ||     3
Armor: Scale mail        |       |    10 |    23 ||    33
Dodge: Dodged            |     7 |     6 |    21 ||    34
Block: Buckler           |       |     4 |    20 ||    24

Table legend: (Time is in decaauts)
 A = Elapsed time spent in this place.
 B = Non-inter-level travel time spent in this place.
 C = Inter-level travel time spent in this place.
 D = Time resting spent in this place.
 E = Time spent auto-exploring this place.
 F = Levels seen in this place.
 G = Mean time per level.
                   A        B        C        D        E       F      G
               +--------+--------+--------+--------+--------+-----+--------+
         Total |    928 |    928 |      0 |    664 |      0 |   1 |  928.0 |
       Dungeon |    928 |    928 |      0 |    664 |      0 |   1 |  928.0 |
               +--------+--------+--------+--------+--------+-----+--------+

Top non-repeatable levels by time:
       D: 928 daAuts
